 Dungeon Crawl Stone Soup version 0.29.1-1-gd02db6906a (webtiles) character file.

Game seed: 12138728466976300113

177 Hadkhar the Trooper (level 5, -5/42 HPs)
             Began as a Demonspawn Fighter on Sept 28, 2022.
             Slain by a gnoll
             ... wielding a +0 flail
              (8 damage)
             ... on level 3 of the Dungeon.
             The game lasted 00:15:21 (2803 turns).

Hadkhar the Trooper (Demonspawn Fighter)            Turns: 2803, Time: 00:15:21

Health: -5/42      AC:  7    Str: 19    XL:     5   Next: 31%
Magic:  0/5        EV:  9    Int:  9    God:
Gold:   186        SH:  4    Dex: 12    Spells: 4/4 levels left

rFire   . . .      SeeInvis .   a - +0 war axe
rCold   . . .      Faith    .   c - +0 buckler
rNeg    + . .      Spirit   +   b - +0 scale mail
rPois   .          Reflect  .   (no helmet)
rElec   .          Harm     .   (no cloak)
rCorr   .          Rampage  .   (no gloves)
Will    .....                   (no boots)
Stlth   ..........              p - amulet of guardian spirit
HPRegen 0.14/turn               q - ring of positive energy
MPRegen 0.09/turn               (no ring)

@: mighty, about to teleport
A: hooves 1, powered by pain 1, weakness stinger 2
a: no special abilities


You were on level 3 of the Dungeon.
You visited 1 branch of the dungeon, and saw 3 of its levels.

You collected 186 gold pieces.

Inventory:

Hand Weapons
 a - a +0 war axe (weapon)
Missiles
 f - 6 curare-tipped darts
 n - 3 poisoned darts (quivered)
Armour
 b - a +0 scale mail (worn)
 c - a +0 buckler (worn)
Jewellery
 p - an amulet of guardian spirit (around neck)
 q - a ring of positive energy (left hand)
Scrolls
 e - a scroll of magic mapping {unknown}
 g - 2 scrolls of identify {unknown}
 i - a scroll of teleportation
 j - a scroll of fog {unknown}
 m - a scroll of brand weapon {unknown}
 o - a scroll of noise {unknown}
Potions
 h - 2 potions of curing {unknown}
 k - a potion of invisibility {unknown}
 l - a potion of magic {unknown}
 r - a potion of haste {unknown}


   Skills:
 + Level 4.2 Fighting
 + Level 3.2 Axes
 + Level 0.3 Throwing
 + Level 3.8 Armour
 - Level 2.6 Shields


You had 4 spell levels left.
You didn't know any spells.
Your spell library was empty.

Dungeon Overview and Level Annotations

Branches:
Dungeon (3/15)

Altars:
Dithmenos

Shops:
D:1 !   D:2 [!


Innate Abilities, Weirdness & Mutations

You have large cloven feet.
You sometimes gain a little power by taking damage.
You have a tail ending in a sharp stinger.


Message History

The gnoll hits you with a +0 flail.
You closely miss the gnoll. You kick the gnoll.
The gnoll is severely wounded.
You block the gnoll's attack. The gnoll closely misses you.
You slash the gnoll!
You kill the gnoll!
You block the bat's attack.
You hit the gnoll but do no damage. Your kick misses the gnoll.
Your tail-slap misses the gnoll.
The gnoll is severely wounded.
The gnoll closely misses you.
You hit the gnoll.
You kill the gnoll!
You block the bat's attack. The gnoll hits you with a +0 flail.
You closely miss the gnoll. The gnoll hits you with a +0 flail!
The gnoll hits you from afar with a +0 spear!
You hit the gnoll. You kick the gnoll, but do no damage.
The gnoll is lightly wounded.
The gnoll hits you from afar with a +0 spear.
The gnoll barely misses you.
You feel very mighty all of a sudden.
The gnoll hits you from afar with a +0 spear.
The gnoll barely misses you.
You completely miss the gnoll. Your kick misses the gnoll.
The gnoll is lightly wounded.
The gnoll barely misses you. The gnoll hits you but does no damage.
The gnoll hits you with a +0 flail.
* * * LOW HITPOINT WARNING * * *
The gnoll hits you from afar with a +0 spear.
* * * LOW HITPOINT WARNING * * *
You slash the gnoll! Your kick misses the gnoll.
The gnoll is severely wounded.
The gnoll barely misses you. The gnoll hits you with a +0 flail.
* * * LOW HITPOINT WARNING * * *
As you read the scroll labelled ZEBBASSUE, it crumbles to dust.
You feel strangely unstable.
It was a scroll of teleportation.
The gnoll hits you from afar with a +0 spear.
* * * LOW HITPOINT WARNING * * *
The gnoll hits you with a +0 flail!
You die...

...#.....##
######.#...###
.##.....#.....#
........#..##.#
...........##.#
........##.##.#
........##.##.#
.......b##.##.##
.......gg@..#..#
.....(.###....>#
....... #.###.#
....... #.....#
....... #######
.######


You could see 2 gnolls and a bat.

Vanquished Creatures
  A black bear (D:2)
  3 gnolls
  An adder (D:2)
  2 dart slugs (D:1)
  4 endoplasms
  4 giant cockroaches
  3 hobgoblins (D:1)
  6 jackals
  A quokka (D:1)
  8 ball pythons
  2 bats
  2 frilled lizards
  A goblin (D:2)
  2 kobolds
  6 rats
46 creatures vanquished.

Notes
Turn   | Place    | Note
-------+----------+-------------------------------------------
     0 | D:1      | Hadkhar the Demonspawn Fighter began the quest for the Orb.
     0 | D:1      | Reached XP level 1. HP: 18/18 MP: 1/1
   111 | D:1      | Found Garejit's Distillery.
   275 | D:1      | Found a faded altar of an unknown god.
   297 | D:1      | Discovered your monstrous ancestry.
   297 | D:1      | Gained mutation: You have a small tail. [demonic ancestry]
   297 | D:1      | Reached XP level 2. HP: 9/24 MP: 2/2
  1079 | D:1      | Gained mutation: You have a tail ending in a sharp stinger.
                  | [demonic ancestry]
  1079 | D:1      | Reached XP level 3. HP: 12/29 MP: 3/3
  1900 | D:2      | Noticed a black bear
  2035 | D:2      | Killed a black bear
  2036 | D:2      | Reached skill level 4 in Fighting
  2036 | D:2      | Gained mutation: You have large cloven feet. [demonic
                  | ancestry]
  2036 | D:2      | Reached XP level 4. HP: 37/37 MP: 4/4
  2036 | D:2      | Gained mutation: You sometimes gain a little power by
                  | taking damage. [demonic ancestry]
  2036 | D:2      | Reached XP level 5. HP: 42/42 MP: 5/5
  2172 | D:2      | Found Ahitiod's Antique Armour Shop.
  2229 | D:2      | Found a shadowy altar of Dithmenos.
  2388 | D:2      | Found Toicufor's Distillery.
  2803 | D:3      | Slain by a gnoll

Illustrated notes

Levels and vault maps discovered:
D:1:      elethiomel_arrival_infinity_welcomes_careful_drivers, layout_basic,
          serial_shops, nicolae_shop_waterfront,
          ebering_ecumenical_altar_abandoned, minmay_indecisive_spiral
D:2:      layout_rooms, basic_altar, serial_shops, nicolae_square_shop,
          shop_statue
D:3:      layout_basic, grunt_decor_cap, uniq_grinder

Skill      XL: |  1  2  3 |
---------------+----------+-----
Axes           | 2 3 |  3.2
Armour         | 3 |  3.8
Fighting       | 4 |  4.2
Throwing       | |  0.3
Shields        | |  2.6

Action                   |  1- 3 |  4- 6 || total
-------------------------+-------+-------++-------
Melee: War axe           |    70 |    37 ||   107
       Tailslap          |     5 |     4 ||     9
       Kick              |       |     7 ||     7
Throw: Dart              |     4 |     2 ||     6
  Use: Scroll            |       |     1 ||     1
       Potion            |       |     1 ||     1
Armor: Scale mail        |    35 |    18 ||    53
Dodge: Dodged            |    39 |    21 ||    60
Block: Buckler           |    18 |     9 ||    27
